AoeStats
← Ke Wa

Arabia

509911678Analyzed
2v2 RM · 5d ago on Sep 28, 2026· 28m 59s· 4 players
Game mode
Random Map
Map size
Medium (4 player)
Population
200
Speed
Normal
Resources
Standard
Victory
Conquest
Starting age
Dark Age
Ending age
Imperial Age
RankedLock teamsTeams togetherTeam positionsShared explorationLock speedFull tech treeHidden civsTurbo modeCheats
Victory
Defeat
🇦🇹 Magyars · Austria
953
+14
🇦🇹 Ethiopians · Austria
953
+14
🇫🇷 Franks · France
934
-15
🇸🇪 Varangians · Sweden
885
-13
Ke Wa
2:55 Loom
11:56 Feudal Age
squat
7:53 Loom
9:44 Feudal Age
10:43 Double-Bit Axe
15:13 Bloodlines
23:36 Castle Age
21:29 Horse Collar
OriginalNOOB733
6:42 Loom
9:36 Feudal Age
10:23 Horse Collar
23:04 Gold Mining
26:06 Castle Age
25:01 Bloodlines
26:43 Scale Barding Armor
27:47 Gold Shaft Mining
27:09 Double-Bit Axe
27:20 Light Cavalry
N7pp3lTw7st
7:02 Loom
11:10 Feudal Age
13:52 Double-Bit Axe
21:35 Castle Age
21:26 Fletching
22:07 Gold Mining
22:03 Crossbowman
27:59 Bow Saw
Connection lost

Rejoining the realm…

Still unreachable

The connection could not be restored.

Session expired

The server has moved on; the page needs a fresh start.